 Dungeon Crawl Stone Soup version 0.22-a0-78-g0f8607c (webtiles) character file.

191 KristoblXynda the Sneak (level 5, -6/24 HPs)
             Began as a Spriggan Enchanter on Jan 16, 2018.
             Killed from afar by anet's ghost (8 damage)
             ... with a magic dart
             ... on level 3 of the Dungeon.
             The game lasted 00:05:39 (3613 turns).

KristoblXynda the Sneak (Spriggan Enchanter)        Turns: 3613, Time: 00:05:40

Health: -6/24      AC:  5    Str:  3 (5)  XL:     5   Next: 41%
Magic:  2/12       EV: 18    Int: 18 (21) God:
Gold:   146        SH:  0    Dex: 16 (17) Spells: 7/13 levels left

rFire    . . .     SeeInvis +   a - +1 dagger
rCold    . . .     Gourm    .   (shield restricted)
rNeg     . . .     Faith    .   b - +0 robe
rPois    .         Spirit   .   (helmet restricted)
rElec    .         Reflect  .   p - +2 cloak
rCorr    .         Harm     .   (gloves unavailable)
MR       .....                  (boots unavailable)
Stlth    +.........             (no amulet)
HPRegen  0.08/turn              (no ring)
MPRegen  0.13/turn              (no ring)

@: confused, brilliant, slowed, quick
A: very small, unfitting armour, see invisible, herbivore, speed 3, slow
metabolism 2
a: no special abilities


You were on level 3 of the Dungeon.
You were not hungry.

You visited 1 branch of the dungeon, and saw 3 of its levels.

You collected 146 gold pieces.

Inventory:

Hand Weapons
 a - a +1 dagger (weapon)
Armour
 b - a +0 robe (worn)
 p - a +2 cloak (worn)
Scrolls
 e - 2 scrolls of identify {unknown}
 i - 2 scrolls of blinking {unknown}
 j - a scroll of noise {unknown}
 n - 2 scrolls of teleportation
 o - 2 scrolls of magic mapping {unknown}
 q - 2 scrolls of enchant armour {unknown}
 r - a scroll of remove curse
Potions
 g - a potion of resistance {unknown}
 m - a potion of invisibility {unknown}
 s - a potion of mutation {unknown}
 t - a potion of curing {unknown}
Books
 c - a book of Maledictions

   Spells                             Type                      Level
   a - Corona                         Hexes                        1
   b - Ensorcelled Hibernation        Hexes/Ice                    2
   c - Confuse                        Hexes                        3
   d - Tukima's Dance                 Hexes                        3
   e - Dazzling Spray                 Conjuration/Hexes            3
Comestibles
 d - 2 rations


   Skills:
 - Level 1.1 Short Blades
 - Level 3.0 Dodging
 + Level 6.6 Stealth
 + Level 4.5 Spellcasting
 + Level 5.2 Hexes


You had 7 spell levels left.
You knew the following spells:

 Your Spells              Type           Power        Failure   Level  Hunger
a - Corona                Hex            ####...      1%          1    None
b - Ensorcelled Hibernat  Hex/Ice        ###...       1%          2    #......
c - Confuse               Hex            ####....     1%          3    ###....


Dungeon Overview and Level Annotations

Branches:
Dungeon (3/15)

Altars:

Annotations:
D:3 anet's ghost, amateur DEWz


Innate Abilities, Weirdness & Mutations

You are very small and have problems with some larger weapons.
You are too small for most types of armour.
You have supernaturally acute eyesight. (SInv)
You are a herbivore.
You cover ground extremely quickly.
You need consume almost no food.


Message History

You bump into the rock wall.
You are engulfed in noxious fumes.
You choke on the stench!
You are more confused.
* * * LOW HITPOINT WARNING * * *
Anet's ghost completely misses you.
Unknown command.
It was a potion of degeneration.
There was something very wrong with that liquid.
You feel weakened.
You feel dopey.
You feel clumsy.
You are engulfed in noxious fumes.
You choke on the stench!
You are more confused.
* * * LOW HITPOINT WARNING * * *
Anet's ghost barely misses you.
Anet's ghost hits you but does no damage.
It was a potion of brilliance.
You feel clever all of a sudden.
Anet's ghost says, "Very impressive.
But it won't help.
Nothing will."
Anet's ghost gestures at you while chanting.
The magic dart hits you!
You die...

.........
....... .....
... #)# #.# #)#
##.###########
##...oW@.......
.####
#....b#########
......##....#
#...>..[.b#
....#.###.### #
# #.# #.# #.#
#.#


You could see anet's ghost, an orc and a bat.

Vanquished Creatures
  2 hounds (D:3)
  Crazy Yiuf (D:3)
  Jessica (D:3)
  An adder (D:2)
  A gnoll (D:3)
  2 worms
  3 bats (D:1)
  2 giant cockroaches
  6 goblins
  6 hobgoblins
  9 jackals
  7 frilled lizards
  2 kobolds (D:3)
  9 rats
52 creatures vanquished.

Notes
Turn   | Place    | Note
-------+----------+-------------------------------------------
     0 | D:1      | KristoblXynda the Spriggan Enchanter began the quest for the Orb.
     0 | D:1      | Reached XP level 1. HP: 9/9 MP: 5/5
   419 | D:1      | Reached XP level 2. HP: 12/13 MP: 5/7
   499 | D:1      | Learned a level 2 spell: Ensorcelled Hibernation
   952 | D:1      | Reached skill level 5 in Stealth
  2257 | D:2      | Reached XP level 3. HP: 16/16 MP: 8/8
  2262 | D:2      | Learned a level 3 spell: Confuse
  2699 | D:3      | Found a runed door.
  2831 | D:3      | Noticed Crazy Yiuf
  2843 | D:3      | Killed Crazy Yiuf
  2843 | D:3      | Reached XP level 4. HP: 4/21 MP: 4/10
  3216 | D:3      | Reached skill level 6 in Stealth
  3222 | D:3      | Reached skill level 5 in Hexes
  3222 | D:3      | Reached XP level 5. HP: 20/24 MP: 8/12
  3540 | D:3      | Noticed Jessica
  3543 | D:3      | Noticed anet's ghost (amateur DEWz)
  3551 | D:3      | Killed Jessica
  3613 | D:3      | Killed from afar by anet's ghost

Vault maps used:
D:1:      dpeg_arrival_simpleton_c, minivault_4, supply_closet_lemuel,
          minmay_nonomino_d4
D:3:      minmay_misc_feat_rows, cheibrodos_gnoll_hut, uniq_jessica,
          uniq_crazy_yiuf_cottage

Skill      XL: |  1  2  3  4 |
---------------+-------------+-----
Spellcasting   | 3 4 |  4.5
Hexes          | 4 5 |  5.2
Stealth        | 5 6 |  6.6
Short Blades   | |  1.1
Dodging        | |  3.0

Action                   |  1- 3 |  4- 6 || total
-------------------------+-------+-------++-------
Melee: Dagger            |   114 |    49 ||   163
 Cast: Corona            |     7 |       ||     7
       Ensorcelled Hiber |    21 |    11 ||    32
       Confuse           |     1 |     2 ||     3
  Use: Scroll            |     3 |       ||     3
       Potion            |       |     4 ||     4
 Stab: Sleeping          |    26 |     7 ||    33
  Eat: Ration            |     1 |       ||     1
Armor: Robe              |     9 |    12 ||    21
       Skin              |       |    26 ||    26
Dodge: Dodged            |    99 |    37 ||   136

Table legend:
 A = Spawn XP
 B = Non-spawn XP
 C = Spawn XP percentage of total XP
 D = Spawn monster count
 E = Non-spawn monster count
 F = Spawn count percentage of total count
 G = Total turns spent on level
                    A         B        C        D         E        F      G
               +---------+---------+-------+---------+---------+-------+---------
         Total |       0 |     273 |   0.0 |       0 |      52 |   0.0 |  3613
               +---------+---------+-------+---------+---------+-------+---------
           D:1 |       0 |      40 |   0.0 |       0 |      27 |   0.0 |  2235
           D:2 |       0 |      25 |   0.0 |       0 |       7 |   0.0 |   322
           D:3 |       0 |     208 |   0.0 |       0 |      18 |   0.0 |  1056
               +---------+---------+-------+---------+---------+-------+---------
